 Dungeon Crawl Stone Soup version 0.17.1-3-g152610e (webtiles) character file.

2820 Heskey the Cleaver (level 9, 0/85 HPs)
             Began as a Hill Orc Fighter on Mar 21, 2016.
             Killed from afar by Harold (30 damage)
             ... with a bolt of fire
             ... on level 10 of the Dungeon on Mar 22, 2016.
             The game lasted 00:12:31 (7092 turns).

Heskey the Cleaver (Hill Orc Fighter)               Turns: 7092, Time: 00:12:31

Health: 0/85       AC: 11    Str: 22    XL:     9   Next: 73%
Magic:  8/8        EV:  5    Int:  8    God:
Gold:   381        SH:  0    Dex: 10    Spells: 0 memorised, 8 levels left

rFire  . . .     SeeInvis .     G - +2 battleaxe
rCold  . . .     Clarity  .     F - +0 scale mail
rNeg   . . .     SustAt   .     (shield currently unavailable)
rPois  .         Gourm    .     (no helmet)
rElec  .         Spirit   .     (no cloak)
rCorr  .         Warding  .     C - +1 pair of gloves
rMut   .         Stasis   .     (no boots)
MR     .....                    (no amulet)
Stlth  +.........               (no ring)
                                k - ring of stealth

@: about to teleport, held, not resistant to hostile enchantments, very
unstealthy
A: low mp 1, shaggy fur 1, MP-powered wands
a: no special abilities


You were on level 10 of the Dungeon.
You were not hungry.

You visited 2 branches of the dungeon, and saw 9 of its levels.

You collected 381 gold pieces.

Inventory:

Hand Weapons
 G - a +2 battleaxe (weapon)
Missiles
 j - 2 tomahawks of dispersal (quivered)
Armour
 C - a +1 pair of gloves (worn)
 F - a +0 scale mail (worn)
Jewellery
 k - a ring of stealth (left hand)
Wands
 c - a wand of magic darts (24)
 d - a wand of fireball (15)
 s - a wand of confusion (18)
Scrolls
 a - a scroll of holy word {unknown}
 b - a scroll of random uselessness {unknown}
 i - a scroll of recharging
 l - a scroll of teleportation
 r - a scroll of magic mapping
 u - 5 scrolls of identify
 y - a scroll of remove curse
Potions
 f - a potion of flight
 h - 3 potions of heal wounds
 n - a potion of ambrosia {unknown}
 o - a potion of haste {unknown}
 p - a potion of agility
 t - a potion of lignification {unknown}
 x - a potion of brilliance {unknown}
 A - a potion of curing {unknown}
 B - a potion of magic {unknown}
 D - 3 potions of resistance {unknown}
Books
 z - a book of Beasts

   Spells                             Type                      Level
   a - Summon Butterflies             Summoning                    1
   b - Call Canine Familiar           Summoning                    3
   c - Summon Ice Beast               Ice/Summoning                4
   d - Summon Mana Viper              Hexes/Summoning              5
   e - Summon Hydra                   Summoning                    7
 E - an Akashic Record

   Spells                             Type                      Level
   a - Dispersal                      Translocation                6
   b - Malign Gateway                 Summoning/Translocation      7
   c - Disjunction                    Translocation                8
   d - Controlled Blink               Translocation                8
Comestibles
 e - 3 bread rations
 g - 7 meat rations
 m - 33 fruits
 v - 2 beef jerkies
 w - 2 slices of pizza


   Skills:
 * Level 9.9 Fighting
 * Level 10.6 Axes
 + Level 6.8 Armour
   Level 5.7 Shields


You had 8 spell levels left.
You didn't know any spells.

Dungeon Overview and Level Annotations

Branches:
Dungeon (10/15)            Temple (1/1) D:6
   Lair: D:8-11         Orc: D:9-12

Altars:
Ashenzari
Cheibriados
Dithmenos
Elyvilon
Fedhas
Gozag
Kikubaaqudgha
Makhleb
Nemelex Xobeh
Okawaru
Qazlal
Ru
Sif Muna
Trog
Vehumet
Xom
Yredelemnul
Zin
The Shining One

Annotations:
D:10 Harold, Josephine


Innate Abilities, Weirdness & Mutations

Your magical capacity is low (-10% MP).
You are covered in fur (AC +1).
You expend magic power (3 MP) to strengthen your wands.


Message History

A phantom comes into view.
A phantom is nearby!
The phantom blinks!
Harold shouts!
Harold throws a throwing net.
The throwing net hits you.
You become entangled in the net!
You see here a throwing net.
Read which item? (? for menu, Esc to quit)
As you read the scroll of fog, it crumbles to dust.
The scroll dissolves into smoke.
Harold gestures at you while chanting. The bolt of fire hits you!
The phantom blinks!
Drink which item? (? for menu, Esc to quit)
Okay, then.
Read which item? (? for menu, Esc to quit)
As you read the scroll of teleportation, it crumbles to dust.
You feel strangely unstable. Harold gestures at you while chanting.
The bolt of fire hits you!
You die...

#(.....#......#
#(.....#......#
#......#......#..
#......#......#..
#..(...#.@......
#......#......#
#...(...§.....#
#.....§§§§....#
#......§@§....#
########§§§.?.#
............#
.....#..........
.....#....§.....
................
................
................
...............


You could see Harold.

Vanquished Creatures
  A troll (D:9)
  The ghost of Shufflesack the Thaumaturge, an amateur DEWz (D:5)
  A soldier ant (D:9)
  A water moccasin (D:9)
  3 sky beasts
  5 ogres
  3 centaurs
  An eye of draining (D:9)
  A big kobold (D:9)
  2 giant frogs (D:9)
  2 scorpions
  5 wights (D:9)
  A crimson imp (D:6)
  2 giant frog skeletons (D:9)
  6 hounds
  A centaur zombie (D:5)
  3 orc wizards
  A centaur skeleton (D:6)
  4 worker ants
  A hound zombie (D:6)
  2 hound skeletons (D:5)
  8 adders
  2 shadow imps
  3 oozes (D:2)
  An adder skeleton (D:4)
  3 worms (D:2)
  10 orcs
  6 bats
  7 giant cockroaches
  7 goblins
  10 hobgoblins
  4 jackals (D:5)
  3 quokkas
  A ball python (D:2)
  4 giant geckos
  7 giant newts
  8 kobolds
  4 rats
135 creatures vanquished.

Notes
Turn   | Place    | Note
--------------------------------------------------------------
     0 | D:1      | Heskey the Hill Orc Fighter began the quest for the Orb.
     0 | D:1      | Reached XP level 1. HP: 19/19 MP: 1/1
   130 | D:1      | Reached XP level 2. HP: 27/27 MP: 2/2
   557 | D:2      | Reached skill level 4 in Fighting
   557 | D:2      | Reached XP level 3. HP: 17/33 MP: 3/3
   896 | D:2      | Reached XP level 4. HP: 35/40 MP: 4/4
  2212 | D:3      | Reached XP level 5. HP: 44/47 MP: 5/5
  2334 | D:3      | Found an opulent altar of Gozag.
  2334 | D:3      | Found a sparkling altar of Nemelex Xobeh.
  2621 | D:3      | Found a burning altar of Makhleb.
  2634 | D:3      | Reached skill level 5 in Fighting
  2634 | D:3      | Reached skill level 5 in Axes
  2796 | D:4      | Found a shimmering altar of Xom.
  2796 | D:4      | Found a stormy altar of Qazlal.
  2805 | D:4      | Found a bloodstained altar of Trog.
  2805 | D:4      | Found a glowing silver altar of Zin.
  2807 | D:4      | Found an iron altar of Okawaru.
  2807 | D:4      | Found a radiant altar of Vehumet.
  2808 | D:4      | Found a deep blue altar of Sif Muna.
  2855 | D:4      | Reached XP level 6. HP: 49/56 MP: 6/6
  3487 | D:5      | Entered Level 5 of the Dungeon
  3500 | D:5      | Found a glowing golden altar of the Shining One.
  3668 | D:5      | Noticed Shufflesack's ghost (amateur DEWz)
  3743 | D:5      | Killed Shufflesack's ghost
  3743 | D:5      | Reached skill level 6 in Fighting
  3743 | D:5      | Reached XP level 7. HP: 42/63 MP: 7/7
  4354 | D:5      | Found a bloodstained altar of Trog.
  4442 | D:5      | Reached skill level 7 in Axes
  4442 | D:5      | Reached skill level 5 in Armour
  4505 | D:6      | Reached skill level 5 in Shields
  4548 | D:6      | Found a staircase to the Ecumenical Temple.
  4567 | D:6      | Reached XP level 8. HP: 57/71 MP: 8/8
  4574 | D:6      | Gained mutation: You are covered in fur (AC +1). [potion of mutation]
  4574 | D:6      | Gained mutation: You expend magic power (3 MP) to strengthen your wands. [potion of mutation]
  4574 | D:6      | Gained mutation: Your magical capacity is low (-10% MP). [potion of mutation]
  4825 | D:6      | Reached skill level 8 in Axes
  5237 | Temple   | Entered the Ecumenical Temple
  5355 | D:6      | You fall through a shaft for 3 floors!
  5951 | D:9      | Reached skill level 9 in Axes
  5953 | D:9      | Reached XP level 9. HP: 56/82 MP: 8/8
  6207 | D:9      | Noticed a troll
  6215 | D:9      | Killed a troll
  6215 | D:9      | Reached skill level 10 in Axes
  6447 | D:10     | Entered Level 10 of the Dungeon
  6782 | D:10     | Noticed a hill giant
  6808 | D:10     | Noticed Josephine
  7069 | D:10     | Noticed Harold
  7092 | D:10     | Killed from afar by Harold

Action                   |  1- 3 |  4- 6 |  7- 9 || total
-------------------------+-------+-------+-------++-------
Melee: War axe           |   113 |   241 |   179 ||   533
       Battleaxe         |       |       |    67 ||    67
  Use: Potion            |       |     3 |     2 ||     5
       Scroll            |       |       |    12 ||    12
  Eat: Chunk             |       |     9 |     3 ||    12
       Bread ration      |       |       |     2 ||     2
       Pizza             |       |       |     1 ||     1
       Fruit             |       |       |     1 ||     1
